 Dungeon Sprint DCSS version 0.19.0-19-g8c6edcc (webtiles) character file.

111 poirepourri the Magician (level 4, -3/24 HPs)
             Began as a Deep Elf Fire Elementalist on Nov 12, 2016.
             Killed from afar by Sigmund (7 damage)
             ... with a magic dart
             ... in the Dungeon (Sprint I: "Red Sonja").
             The game lasted 00:00:36 (250 turns).

poirepourri the Magician (DEFE)                      Turns: 250, Time: 00:00:37

Health: -3/24      AC:  2    Str:  5    XL:     4   Next: 62%
Magic:  9/15       EV: 15    Int: 21    God:
Gold:   54         SH:  0    Dex: 15    Spells: 5 memorised, 5 levels left

rFire  . . .     SeeInvis .     (no weapon)
rCold  . . .     Gourm    .     a - +0 robe
rNeg   . . .     Faith    .     (no shield)
rPois  .         Spirit   .     (no helmet)
rElec  .         Reflect  .     (no cloak)
rCorr  .         Harm     .     (no gloves)
MR     .....     NoTele   +     (no boots)
Stlth  ++........               (no amulet)
                                (no ring)
                                (no ring)

@: no status effects
A: no striking features
a: no special abilities


You were in the Dungeon.
You were not hungry.

You visited 1 branch You collected 54 gold pieces.

Inventory:

Armour
 a - a +0 robe (worn)
 h - a +1 chain mail of cold resistance
Scrolls
 i - a scroll of blinking
Potions
 d - a potion of curing
 e - a potion of heal wounds
 f - a potion of haste
 g - 2 potions of magic
Books
 b - a book of Flames

   Spells                             Type                      Level
   a - Flame Tongue                   Conjuration/Fire             1
   b - Throw Flame                    Conjuration/Fire             2
   c - Conjure Flame                  Conjuration/Fire             3
   d - Inner Flame                    Hexes/Fire                   3
   e - Sticky Flame                   Conjuration/Fire             4
   f - Fireball                       Conjuration/Fire             5
Comestibles
 c - a bread ration


   Skills:
 + Level 4.6 Dodging
 - Level 2.4 Stealth
 - Level 0.4 Unarmed Combat
 * Level 7.9 Spellcasting
 + Level 2.1 Conjurations
 + Level 7.5 Fire Magic


You had 5 spell levels left.
You knew the following spells:

 Your Spells              Type           Power        Failure   Level  Hunger
a - Flame Tongue          Conj/Fire      ####.        1%          1    None
b - Throw Flame           Conj/Fire      ####..       1%          2    None
c - Conjure Flame         Conj/Fire      ####....     3%          3    None
d - Inner Flame           Hex/Fire       ###.....     6%          3    None
e - Sticky Flame          Conj/Fire      ####....     14%         4    ###....


Dungeon Overview and Level Annotations

Branches:
Dungeon (1/1)

Altars:

Annotations:
D Sigmund


Message History

Sigmund is moderately wounded.
Sigmund mumbles some strange words.
Sigmund flickers and vanishes!
Deactivating autopickup; reactivate with Ctrl-A.
There is an open door here.
Casting: Flame Tongue
Confirm with . or Enter, or press ? or * to list all spells.
Aiming: Conjure Flame
Press: ? - help, Dir - move target cursor The fire roars with new energy!
A puff of flame appears from out of thin air!
The puff of flame hits you!
You start resting.
A magic dart appears from out of thin air!
The magic dart hits you!
* * * LOW HITPOINT WARNING * * *
You start resting.
A magic dart appears from out of thin air!
The magic dart hits you!
You die...

########## ##
#<.#..'..#..+
#..).@#..'{.#
#..#####'####
#..# #..#
#..# ####
#..# #⌠⌠#
####


There were no monsters in sight!

Vanquished Creatures
  An ogre (D)
  Ijyb (D)
2 creatures vanquished.

Notes
Turn   | Place    | Note
-------+----------+-------------------------------------------
     0 | D        | poirepourri the Deep Elf Fire Elementalist began the quest for the Orb.
     0 | D        | Reached XP level 1. HP: 10/10 MP: 6/6
     2 | D        | Noticed Ijyb
    22 | D        | Killed Ijyb
    22 | D        | Reached skill level 5 in Spellcasting
    22 | D        | Reached skill level 5 in Fire Magic
    22 | D        | Reached XP level 2. HP: 15/15 MP: 1/10
    88 | D        | Learned a level 2 spell: Throw Flame
    97 | D        | Noticed an ogre
   101 | D        | Killed an ogre
   101 | D        | Reached XP level 3. HP: 19/19 MP: 1/14
   101 | D        | Reached XP level 4. HP: 24/24 MP: 1/15
   216 | D        | Learned a level 3 spell: Conjure Flame
   220 | D        | Learned a level 3 spell: Inner Flame
   225 | D        | Learned a level 4 spell: Sticky Flame
   228 | D        | Noticed Sigmund
   250 | D        | Killed from afar by Sigmund

Skill      XL: |  1  2 |
---------------+-------+-----
Dodging        | 3 4 |  4.6
Spellcasting   | 5 7 |  7.9
Fire Magic     | 5 7 |  7.5
Conjurations   | 2 |  2.1
Stealth        | |  2.4
Unarmed Combat | |  0.4

Action                   |  1- 3 |  4- 6 || total
-------------------------+-------+-------++-------
Melee: Unarmed           |    13 |       ||    13
 Cast: Flame Tongue      |     6 |     4 ||    10
       Throw Flame       |     3 |       ||     3
       Conjure Flame     |       |     2 ||     2
  Use: Potion            |     1 |       ||     1
Armor: Robe              |     2 |       ||     2
Dodge: Dodged            |     9 |       ||     9
